 Dungeon Crawl Stone Soup version 0.27.1-34-g3ba077fa99 (webtiles) character file.

Game seed: 1233113236004915596

125 forever1922 the Conjurer (level 4, 0/31 HPs)
             Began as a Demonspawn Conjurer on Jan 6, 2022.
             Was a Believer of Fedhas.
             Slain by Edmund (18 damage)
             ... on level 3 of the Dungeon.
             The game lasted 00:06:40 (3104 turns).

forever1922 the Conjurer (Demonspawn Conjurer)      Turns: 3104, Time: 00:06:41

Health: 0/31       AC:  4    Str:  8    XL:     4   Next: 82%
Magic:  1/10       EV: 12    Int: 20    God:    Fedhas [**....]
Gold:   73         SH:  0    Dex: 11    Spells: 8/11 levels left

rFire    . . .     SeeInvis .   m - +2 short sword (venom)
rCold    . . .     Faith    .   (no shield)
rNeg     . . .     Spirit   .   a - +0 robe
rPois    .         Reflect  .   (helmet restricted)
rElec    .         Harm     .   (no cloak)
rCorr    .         Rampage  .   h - +0 pair of gloves
Will     .....                  j - +0 pair of boots
Stlth    ++........             (no amulet)
HPRegen  0.10/turn              (no ring)
MPRegen  0.12/turn              (no ring)

@: no status effects
A: horns 1, powered by death 1
a: Renounce Religion, Wall of Briars


You were on level 3 of the Dungeon.
You worshipped Fedhas.
Fedhas was pleased with you.
You visited 1 branch of the dungeon, and saw 4 of its levels.

You collected 73 gold pieces.

Inventory:

Hand Weapons
 b - a +0 hand axe
 e - a +1 dagger of freezing
 m - a +2 short sword of venom (weapon)
Armour
 a - a +0 robe (worn)
 d - a +0 leather armour
 h - a +0 pair of gloves (worn)
 j - a +0 pair of boots (worn)
 o - a +0 leather armour of fire resistance
Scrolls
 c - a scroll of enchant weapon {unknown}
 f - 4 scrolls of identify {unknown}
 k - a scroll of magic mapping {unknown}
 n - a scroll of teleportation {unknown}
Potions
 g - 2 potions of curing {unknown}
 i - a potion of heal wounds {unknown}
 l - 2 potions of brilliance {unknown}
 p - a potion of invisibility {unknown}


   Skills:
 + Level 0.3 Fighting
 - Level 1.7 Dodging
 - Level 1.7 Stealth
 * Level 4.0 Spellcasting
 + Level 4.7 Conjurations


You had 8 spell levels left.
You knew the following spells:

 Your Spells              Type           Power      Damage    Failure   Level
a - Magic Dart            Conj           92%        1d7       1%          1
s - Searing Ray           Conj           46%        3d4       2%          2

Your spell library contained the following spells:

 Spells                   Type           Power      Damage    Failure   Level
 Dazzling Flash           Conj/Hex       26%        N/A       14%         3
 Fulminant Prism          Conj/Hex       6%         3d7       43%         4
 Iskenderun's Mystic Bla  Conj/Tloc      13%        2d5       43%         4


Dungeon Overview and Level Annotations

Branches:
Dungeon (4/15)
 Temple: D:4-7

Altars:
Ashenzari
Fedhas

Annotations:
D:3 Edmund


Innate Abilities, Weirdness & Mutations

You have a pair of small horns on your head.
You regenerate a little health from kills.


Message History

Edmund shouts!
Casting: Searing Ray (safe; 2% risk of failure)
Confirm with . or Enter, or press ? or * to list all spells.
Aiming: Searing Ray (safe; 2% risk of failure)
Press: ? - help, Shift-Dir - straight line, f - Edmund
Aim: Edmund, wielding a +6 flail of protection and wearing a +0 scale mail (81% to hit)
The searing ray hits Edmund.
Edmund is lightly wounded. (Press . to maintain the ray.)
The searing ray hits Edmund.
Edmund is lightly wounded.
The searing ray hits Edmund!
Edmund is moderately wounded.
The searing ray hits Edmund but does no damage.
Edmund is moderately wounded.
You finish channeling your searing ray.
There is a stone staircase leading up here.
Edmund hits you with a +6 flail of protection.
You climb upwards.
There is a stone staircase leading down here.
Casting: Searing Ray (safe; 2% risk of failure)
Confirm with . or Enter, or press ? or * to list all spells.
Aiming: Searing Ray (safe; 2% risk of failure)
Press: ? - help, Shift-Dir - straight line, f - Edmund
Aim: Edmund, wielding a +6 flail of protection and wearing a +0 scale mail (moderately wounded, 81% to hit)
The searing ray misses Edmund. (Press . to maintain the ray.) Edmund hits you with a +6 flail of protection!
The searing ray hits Edmund but does no damage.
Edmund is moderately wounded.
Edmund misses you.
The searing ray hits Edmund but does no damage.
Edmund is moderately wounded.
Edmund gestures with his flail.
Edmund misses you.
The searing ray misses Edmund.
You finish channeling your searing ray.
Edmund hits you with a +6 flail of protection!!
Ouch! That really hurt!
You die...
Fedhas appreciates your contribution to the ecosystem.

#......##.#####.######.#####....#
#.#..#.......##.#...##.#####.####
#.#..####.##......#.##..)........
..........#####.....#######..(###
.....####.......#>.## #...#
.....#########.###.### #...#
............###.#.##.## #...#
............# ##@##.#.#####...###
............####@#.###...........
.......>....#.....## ##..........
............#.##...###...........
...##.......#.##.#..#.###......##
..###.รท.....#.###.#..#....###..##
### ######.##.###.#...###.###..##
#.##........## #.###..##
#...........# #..#...##
########.##.## #..#...##


You could see Edmund.

Vanquished Creatures
  An orc priest (D:3)
  Terence (D:2)
  An adder (D:4)
  A worm (D:2)
  3 orcs (D:3)
  6 ball pythons
  5 bats
  2 endoplasms (D:1)
  3 giant cockroaches
  6 goblins
  4 hobgoblins
  7 jackals
  2 quokkas
  5 frilled lizards
  3 kobolds
  2 rats
52 creatures vanquished.

Notes
Turn   | Place    | Note
-------+----------+-------------------------------------------
     0 | D:1      | forever1922 the Demonspawn Conjurer began the quest for the
                  | Orb.
     0 | D:1      | Reached XP level 1. HP: 13/13 MP: 3/3
   165 | D:1      | Found a faded altar of an unknown god.
   189 | D:1      | Became a worshipper of Fedhas Madash
   189 | D:1      | Reached * piety under Fedhas
   612 | D:1      | Gained mutation: You have a pair of small horns on your
                  | head. [demonic ancestry]
   612 | D:1      | Reached XP level 2. HP: 19/19 MP: 1/5
   639 | D:1      | Learned a level 2 spell: Searing Ray
  1645 | D:2      | Gained mutation: You regenerate a little health from kills.
                  | [demonic ancestry]
  1645 | D:2      | Reached XP level 3. HP: 24/24 MP: 1/7
  1783 | D:2      | Noticed Terence
  1789 | D:2      | Killed Terence
  2102 | D:3      | Reached ** piety under Fedhas
  2234 | D:3      | Found a broken altar of Ashenzari.
  2475 | D:3      | Reached XP level 4. HP: 27/30 MP: 3/9
  2940 | D:4      | Noticed Edmund
  3104 | D:3      | Slain by Edmund

Illustrated notes

Levels and vault maps discovered:
D:1:      shiori_arrival_maze, layout_basic, ebering_ecumenical_altar_webs,
          minmay_misc_feat_doors
D:2:      layout_basic, uniq_terence
D:3:      layout_loops_cross, cheibrodos_ashenzari_chains
D:4:      layout_basic, uniq_menkaure, uniq_edmund

Skill      XL: |  1  2  3  4 |
---------------+-------------+-----
Spellcasting   | 3 4 |  4.0
Fighting       | |  0.3
Dodging        | |  1.7
Stealth        | |  1.7
Conjurations   | |  4.7

Action                   |  1- 3 |  4- 6 || total
-------------------------+-------+-------++-------
Melee: Unarmed           |     1 |       ||     1
       Dagger            |     6 |       ||     6
       Short sword       |     2 |     6 ||     8
       Headbutt          |       |     2 ||     2
 Cast: Magic Dart        |    55 |    17 ||    72
       Searing Ray       |     5 |     4 ||     9
 Stab: Sleeping          |     1 |       ||     1
Armor: Robe              |     1 |     2 ||     3
Dodge: Dodged            |     4 |     8 ||    12
